 Dungeon Crawl Stone Soup version 0.22.0-60-ga52c2fc (webtiles) character file.

111 marrkus the Chopper (level 4, 0/40 HPs)
             Began as a Deep Dwarf Fighter on Sept 9, 2018.
             Slain by Crazy Yiuf
             ... wielding a +3 quarterstaff of chaos
              (4 damage)
             ... on level 3 of the Dungeon.
             The game lasted 00:07:58 (1750 turns).

marrkus the Chopper (Deep Dwarf Fighter)            Turns: 1750, Time: 00:07:58

Health: 0/40       AC:  6    Str: 24    XL:     4   Next: 62%
Magic:  4/4        EV:  7    Int:  9    God:
Gold:   186        SH: 10    Dex: 13    Spells: 3/3 levels left

rFire    . . .     SeeInvis .   a - +0 war axe
rCold    . . .     Gourm    .   c - +0 shield
rNeg     . . .     Faith    .   b - +0 scale mail
rPois    .         Spirit   .   (no helmet)
rElec    .         Reflect  .   (no cloak)
rCorr    .         Harm     .   (no gloves)
MR       .....                  (no boots)
Stlth    +.........             (no amulet)
HPRegen  0.00/turn              (no ring)
MPRegen  0.09/turn              (no ring)

@: mighty, lethally poisoned (0 -> 0), non-regenerating
A: damage resistance, heal wounds, sense surroundings 1, no regeneration
a: Heal Wounds


You were on level 3 of the Dungeon.
You were not hungry.

You visited 1 branch of the dungeon, and saw 3 of its levels.

You collected 186 gold pieces.

Inventory:

Hand Weapons
 a - a +0 war axe (weapon)
Missiles
 h - 67 stones (quivered)
 i - 20 poisoned needles
 w - 20 bolts
Armour
 b - a +0 scale mail (worn)
 c - a +0 shield (worn)
 u - a +0 plate armour
Jewellery
 n - a +5 ring of intelligence
 q - an uncursed amulet of regeneration
 v - an uncursed ring of magical power {unknown}
Scrolls
 e - 3 scrolls of blinking {unknown}
 g - 5 scrolls of identify {unknown}
 j - a scroll of teleportation {unknown}
 k - a scroll of enchant armour {unknown}
 l - 3 scrolls of enchant weapon {unknown}
 m - a scroll of amnesia {unknown}
 r - a scroll of fog {unknown}
Potions
 d - 2 potions of might
 o - a potion of flight {unknown}
 p - a potion of heal wounds {unknown}
 s - 2 potions of lignification {unknown}
Comestibles
 f - 8 rations
 t - 2 chunks of flesh


   Skills:
 - Level 2.6 Fighting
 + Level 4.1 Axes
 - Level 3.2 Armour
 + Level 4.0 Stealth
 - Level 3.2 Shields


You had 3 spell levels left.
You didn't know any spells.
Your spell library was empty.

Dungeon Overview and Level Annotations

Branches:
Dungeon (3/15)

Altars:
Ashenzari
Uskayaw

Annotations:
D:3 Crazy Yiuf


Innate Abilities, Weirdness & Mutations

You are resistant to damage.
You can heal yourself by infusing magical energy.
You passively map a small area around you.
You do not regenerate.


Message History

Crazy Yiuf freezes you.
You hit Crazy Yiuf.
Crazy Yiuf is lightly wounded.
Crazy Yiuf zaps a wand.
The puff of flame hits you!
It is a wand of flame (21).
Crazy Yiuf barely misses you.
You hit Crazy Yiuf.
Crazy Yiuf is heavily wounded.
Crazy Yiuf hits you with a quarterstaff of chaos.
You are poisoned.
You completely miss Crazy Yiuf.
Crazy Yiuf is heavily wounded.
Crazy Yiuf cries, "Buddy!"
Crazy Yiuf zaps a wand.
The puff of flame hits you!
* * * LOW HITPOINT WARNING * * *
You feel very mighty all of a sudden. You block Crazy Yiuf's attack.
You closely miss Crazy Yiuf.
Crazy Yiuf is heavily wounded.
Crazy Yiuf hits you with a quarterstaff of chaos.
You die...

, ... .# ...
.# #.# .#
##### # #.#
.# #..)# #
#.# .# #...#
# #.# .#
#.g.#
####.##.#
#@#* *
........#
♣♣.♣ ,
####.####
♣.♣♣ * .*
#.# ♣♣.♣
.###.# ♣.♣♣
,* ..##.#
♣♣.♣♣ ,
#.##.#
♣...♣♣
#.##.#######
♣....♣ *
#..#.#.....#
#....# ,


You could see Crazy Yiuf.

Vanquished Creatures
  4 gnolls (D:2)
  3 adders
  2 dart slugs (D:1)
  A leopard gecko (D:1)
  An orc (D:3)
  A giant cockroach (D:1)
  6 goblins
  3 hobgoblins
  2 jackals (D:3)
  7 kobolds
  2 ball pythons (D:1)
  4 bats
  2 frilled lizards
  4 rats
42 creatures vanquished.

Notes
Turn   | Place    | Note
-------+----------+-------------------------------------------
     0 | D:1      | marrkus the Deep Dwarf Fighter began the quest for the Orb.
     0 | D:1      | Reached XP level 1. HP: 20/20 MP: 1/1
    66 | D:1      | Reached skill level 1 in Stealth
   175 | D:1      | Reached XP level 2. HP: 27/27 MP: 2/2
   366 | D:1      | You fall through a shaft!
   541 | D:2      | Noticed a hand axe
   542 | D:2      | Found a hide-covered altar of Uskayaw.
   542 | D:2      | Noticed a hand axe
   663 | D:1      | Reached XP level 3. HP: 26/33 MP: 3/3
  1147 | D:2      | Reached XP level 4. HP: 28/40 MP: 4/4
  1309 | D:2      | Found a shattered altar of Ashenzari.
  1608 | D:3      | Found a runed door.
  1742 | D:3      | Noticed Crazy Yiuf
  1750 | D:3      | Slain by Crazy Yiuf

Skill      XL: |  1  2  3  4 |
---------------+-------------+-----
Stealth        | 1 2 3 4 |  4.0
Axes           | 3 4 |  4.1
Fighting       | |  2.6
Armour         | |  3.2
Shields        | |  3.2

Action                   |  1- 3 |  4- 6 || total
-------------------------+-------+-------++-------
Melee: War axe           |   132 |    49 ||   181
  Use: Potion            |       |     1 ||     1
 Stab: Sleeping          |       |     1 ||     1
  Eat: Chunk             |     1 |     2 ||     3
Armor: Scale mail        |    59 |    17 ||    76
Dodge: Dodged            |    43 |    13 ||    56
Block: Shield            |    75 |    25 ||   100
